[Event "Team 45 45 League T52"]
[Site "Internet Chess Club"]
[Date "2012.03.22"]
[Round "6"]
[White "iceface"]
[Black "g8wrb"]
[Result "1-0"]
[WhiteElo "1668"]
[BlackElo "1438"]
[Opening "French: classical, Steinitz variation"]
[ECO "C14"]
[Time "16:30:18"]
[TimeControl "2700+45"]

1. e4 e6 2. d4 d5 3. Nc3 Nf6 4. Bg5 Be7 5. e5 Nfd7 6. Bxe7 Qxe7 7. f4 a6 8. Nf3
c5 9. Be2 Nc6 10. O-O O-O 11. Nb1 cxd4 12. Nxd4 Qc5 13. c3 Nb6 14. Kh1 Bd7 15.
Nxc6 Bxc6 16. Nd2 Bb5 17. Nb3 Bxe2 18. Nxc5 Bxd1 19. Rfxd1 Rab8 20. Nb3 Nc4 21.
Rab1 Rbc8 22. Nd2 b5 23. Nxc4 Rxc4 24. g3 Rfc8 25. Rd2 a5 26. Rc2 b4 27. Rbc1 a4
28. Kg2 d4 29. Kf2 dxc3 30. bxc3 Kf8 31. Ke3 Ke7 32. Kd3 b3 33. axb3 axb3 34.
Rb2 f6 35. exf6+ Kxf6 36. Rxb3 R8c7 37. Rc2 e5 38. fxe5+ Kxe5 39. Rb4 Kd5 40.
Rxc4 Rxc4 41. Ke3 g5 42. h3 h5 43. Kf3 Ke5 44. Re2+ Kf5 45. Rc2 Ke5 46. Ke3 Kd5
47. Kd3 Kc5 48. Rf2 Ra4 49. Rf5+ {Black resigns} 1-0

[Event "Team 45 45 League T52"]
[Site "Internet Chess Club"]
[Date "2012.03.25"]
[Round "6"]
[White "Ptzz"]
[Black "saychess"]
[Result "1-0"]
[WhiteElo "2076"]
[BlackElo "2066"]
[Opening "QGD: Charousek (Petrosian) variation"]
[ECO "D31"]
[Time "14:00:24"]
[TimeControl "2700+45"]

1. d4 d5 2. c4 e6 3. Nc3 Be7 4. cxd5 exd5 5. Bf4 c6 6. e3 Bf5 7. Nge2 Qb6 8. Qd2
g5 9. Be5 f6 10. Bg3 Na6 11. a3 Nh6 12. Nc1 Nf7 13. Bd3 Bxd3 14. Nxd3 Nd6 15.
Bxd6 Bxd6 16. b4 Nc7 17. Na4 Qb5 18. Nac5 a5 19. O-O a4 20. Nb2 b6 21. Ncd3 Ne6
22. Rac1 Kd7 23. f3 h5 24. Nf2 Rag8 25. g3 g4 26. f4 h4 27. Kg2 Ng7 28. Qc2 Bc7
29. e4 dxe4 30. d5 f5 31. Qxc6+ Qxc6 32. Rxc6 b5 33. Rfc1 Bd6 34. Nbd1 Ne8 35.
Ne3 Rf8 36. Rb6 h3+ 37. Kg1 Nc7 38. Rcc6 Rh6 39. Nfd1 Rhf6 40. Nc3 Be7 41. Kf2
Nxd5 42. Rxf6 Nxf6 43. Nxf5 Rc8 44. Rb7+ Kd8 45. Ne2 Nd5 46. Rxb5 Nc3 47. Nxc3
Rxc3 48. Rd5+ Kc7 49. Nxe7 Rc2+ 50. Ke3 Rxh2 51. Rh5 Ra2 52. f5 Kd6 53. f6 Rxa3+
54. Kf4 Ke6 55. Kxg4 Kxf6 56. Nd5+ Ke6 57. Nf4+ Kd6 58. Nxh3 Rb3 59. Kf4 Rf3+
60. Kg4 Rf1 61. Nf4 Rb1 62. Rb5 a3 63. Ra5 Rxb4 64. Rxa3 Ke5 65. Ne2 Rb8 66.
Ra5+ Kf6 67. Kf4 Rb4 68. Nc3 {Black resigns} 1-0

[Event "Team 45 45 League T52"]
[Site "Internet Chess Club"]
[Date "2012.03.24"]
[Round "6"]
[White "playwaycool"]
[Black "Jack-ONeill"]
[Result "0-1"]
[WhiteElo "2037"]
[BlackElo "2085"]
[Opening "QGD: classical variation (5.Bf4)"]
[ECO "D37"]
[Time "16:06:29"]
[TimeControl "2700+45"]

1. d4 d5 2. c4 e6 3. Nf3 Nf6 4. Nc3 Be7 5. Bf4 O-O 6. e3 Nbd7 7. Bd3 dxc4 8.
Bxc4 Nb6 9. Bd3 Nbd5 10. Bg3 Nxc3 11. bxc3 b6 12. e4 Bb7 13. Qe2 c5 14. O-O Nh5
15. Ba6 Nxg3 16. hxg3 Bxa6 17. Qxa6 Qc8 18. Qe2 cxd4 19. cxd4 Qb7 20. Rac1 Rfd8
21. Rfd1 Bf6 22. Rc2 Rd7 23. Rcd2 Rad8 24. d5 exd5 25. Rxd5 Rxd5 26. exd5 g6 27.
Qd3 b5 28. Nh2 Bg7 29. Ng4 a5 30. Ne3 b4 31. Nc4 Qb5 32. d6 a4 33. d7 b3 34.
axb3 axb3 35. Qe4 b2 36. Na3 Qb3 37. Qe8+ Bf8 38. Qxd8 Qxd1+ 39. Kh2 Qh5+ 40.
Kg1 Qd1+ 41. Kh2 Kg7 42. Nb1 Qh5+ 43. Kg1 Qd1+ 44. Kh2 Qd6 45. Nc3 Be7 46. Qc8
Qd3 47. Qe8 Bf6 48. Ne4 b1=Q 49. Nxf6 Qb6 50. Ne4 Qbd4 51. Nc5 Qd1 52. Qe7 Qh5+
53. Qh4 Qhxh4+ 54. gxh4 Qxh4+ 55. Kg1 Qd4 {White resigns} 0-1

[Event "Team 45 45 League T52"]
[Site "Internet Chess Club"]
[Date "2012.03.22"]
[Round "6"]
[White "ChessicalZ"]
[Black "pishd"]
[Result "0-1"]
[WhiteElo "1768"]
[BlackElo "1704"]
[Opening "Caro-Kann: Panov-Botvinnik attack, 5...g6"]
[ECO "B14"]
[Time "10:00:36"]
[TimeControl "2700+45"]

1. e4 c6 2. d4 d5 3. exd5 cxd5 4. c4 Nf6 5. Nc3 g6 6. Qb3 Bg7 7. cxd5 O-O 8. Be2
Nbd7 9. Bf4 Nb6 10. Bf3 Bf5 11. Rd1 Qd7 12. Nge2 Rad8 13. Be5 Nfxd5 14. Bxg7
Kxg7 15. Nxd5 Nxd5 16. Bxd5 Qxd5 17. Qxd5 Rxd5 18. Nc3 Rd7 19. d5 Rfd8 20. f3 h5
21. Kf2 e6 22. dxe6 Bxe6 23. a3 Rd2+ 24. Ke3 R8d3+ 25. Kf4 f6 26. Rxd2 g5+ 27.
Ke4 Rxd2 28. g3 Rxb2 29. Rb1 Rxb1 30. Nxb1 Kf7 31. h4 Bb3 32. Nc3 Bc2+ 33. Ke3
a6 34. f4 gxh4 35. gxh4 Ke6 36. Ne2 Bd1 37. Nc3 Bc2 38. Ne2 Kd5 39. Ng3 Bd1 40.
Ne4 Ke6 41. Nc5+ Kf5 42. Ne4 Bc2 43. Nf2 b5 44. Kf3 a5 45. Nh1 Be4+ {White
resigns} 0-1

[Event "Team 45 45 League T52"]
[Site "Internet Chess Club"]
[Date "2012.03.23"]
[Round "6"]
[White "Pomberito"]
[Black "PandorasBox"]
[Result "0-1"]
[WhiteElo "2065"]
[BlackElo "1951"]
[Opening "French: Steinitz variation"]
[ECO "C11"]
[Time "18:11:06"]
[TimeControl "2700+45"]

1. e4 e6 2. d4 d5 3. Nc3 Nf6 4. e5 Nfd7 5. Nf3 c5 6. dxc5 Nc6 7. Bf4 Bxc5 8. Bd3
f6 9. exf6 Nxf6 10. Qe2 O-O 11. O-O-O Bd7 12. Bg3 Rc8 13. Bh4 Qa5 14. Kb1 Bb4
15. Nb5 e5 16. c3 Be7 17. Nxe5 Nxe5 18. Qxe5 Bxb5 19. Qxe7 Bxd3+ 20. Rxd3 Rce8
21. Qxb7 Rb8 22. Qe7 Ne4 23. Rc1 Qb5 24. Kc2 Qxb2+ 25. Kd1 Rxf2 26. Qe6+ Kh8 27.
Qxd5 Qe2# {White checkmated} 0-1

[Event "Team 45 45 League T52"]
[Site "Internet Chess Club"]
[Date "2012.03.21"]
[Round "6"]
[White "Deckfuel"]
[Black "Dreamshell"]
[Result "1/2-1/2"]
[WhiteElo "1869"]
[BlackElo "1975"]
[Opening "Caro-Kann: Steinitz variation"]
[ECO "B17"]
[Time "18:17:05"]
[TimeControl "2700+45"]

1. e4 c6 2. d4 d5 3. Nc3 dxe4 4. Nxe4 Nd7 5. Bc4 Ngf6 6. Ng5 e6 7. c3 h6 8. N5f3
Qc7 9. Ne2 Bd6 10. O-O O-O 11. Re1 e5 12. Ng3 exd4 13. Nf5 Ne5 14. Nxd6 Nxf3+
15. Qxf3 Qxd6 16. cxd4 Qxd4 17. Bb3 Bg4 18. Qg3 Rfe8 19. Be3 Qxb2 20. h3 Bf5 21.
Qc7 Nd5 22. Qxb7 Rad8 23. Rad1 Be6 24. Bxa7 Nf4 25. Qxc6 Ne2+ 26. Kf1 Bxb3 27.
axb3 Qxb3 28. Rxd8 Rxd8 29. Bb6 Rd1 30. Qe8+ Kh7 31. Qxe2 {Game drawn by mutual
agreement} 1/2-1/2

[Event "Team 45 45 League T52"]
[Site "Internet Chess Club"]
[Date "2012.03.24"]
[Round "6"]
[White "mcplayerus"]
[Black "Holzschlange"]
[Result "1-0"]
[WhiteElo "2044"]
[BlackElo "1812"]
[Opening "Queen's pawn game"]
[ECO "E10"]
[Time "18:00:04"]
[TimeControl "2700+45"]

1. d4 Nf6 2. Nf3 e6 3. c4 c5 4. g3 g6 5. Bg2 Bg7 6. O-O cxd4 7. Nxd4 O-O 8. Nc3
Nc6 9. Nb3 a6 10. c5 Re8 11. Bg5 h6 12. Bc1 b5 13. e4 Bb7 14. Be3 Qc7 15. f4
Rad8 16. e5 Nh7 17. a4 b4 18. Ne4 f6 19. exf6 Nxf6 20. Nd6 Rf8 21. Qd3 Kh7 22.
Rae1 Ne8 23. Be4 Rf6 24. g4 Ba8 25. g5 Rf5 26. Bxf5 gxf5 27. gxh6 Bxb2 28. Re2
Bc3 29. Nxf5 exf5 30. Qxf5+ Kh8 31. Qf8+ Kh7 32. Rg2 {Black resigns} 1-0

[Event "Team 45 45 League T52"]
[Site "Internet Chess Club"]
[Date "2012.03.23"]
[Round "6"]
[White "alexdb"]
[Black "Dracoac"]
[Result "0-1"]
[WhiteElo "1887"]
[BlackElo "1815"]
[Opening "Caro-Kann: closed (Breyer) variation"]
[ECO "B10"]
[Time "16:26:33"]
[TimeControl "2700+45"]

1. e4 c6 2. d3 d5 3. Nd2 e6 4. Ngf3 Nf6 5. e5 Nfd7 6. d4 c5 7. c3 Nc6 8. a3 Qb6
9. Qa4 Be7 10. Be2 f6 11. exf6 Nxf6 12. Ne5 O-O 13. Ndf3 cxd4 14. cxd4 Nxe5 15.
Nxe5 Ne4 16. O-O Bd6 17. f4 g5 18. Bh5 Bxe5 19. fxe5 Bd7 20. Qxd7 Qxd4+ 21. Be3
Qxe3+ 22. Kh1 Rxf1+ 23. Rxf1 Nf2+ 24. Kg1 Nh3+ 25. Kh1 Qg1+ 26. Rxg1 Nf2# {White
checkmated} 0-1

[Event "Team 45 45 League T52"]
[Site "Internet Chess Club"]
[Date "2012.03.22"]
[Round "6"]
[White "otherook"]
[Black "justice02"]
[Result "1/2-1/2"]
[WhiteElo "1784"]
[BlackElo "1784"]
[Opening "English: Anglo-Dutch defense"]
[ECO "A10"]
[Time "19:38:33"]
[TimeControl "2700+45"]

1. c4 f5 2. Nc3 Nf6 3. g3 e6 4. Bg2 Nc6 5. Nf3 Ng4 6. h3 Nge5 7. Nxe5 Nxe5 8. d3
Be7 9. b3 O-O 10. O-O Ng6 11. Bb2 f4 12. Ne4 fxg3 13. fxg3 d6 14. Rxf8+ Qxf8 15.
Qd2 e5 16. Rf1 Qd8 17. e3 c6 18. Qf2 Be6 19. d4 d5 20. cxd5 cxd5 21. Nc5 Bxc5
22. dxc5 e4 23. Qd2 Qc7 24. Qd4 Rf8 25. Rxf8+ Nxf8 26. Qe5 Qxe5 27. Bxe5 Kf7 28.
Bf1 Ng6 29. Bd4 Ne7 30. Kg2 Nf5 31. b4 Nxd4 32. exd4 Ke7 33. g4 g5 34. Kg3 h6
35. Kf2 Kd7 36. Ke3 a6 37. a4 Kc7 38. b5 Bd7 39. bxa6 bxa6 40. Bxa6 Bxa4 41. Kd2
Bd7 42. Ke3 Bc6 43. Kf2 Kd7 44. Ke3 Ke7 45. Bc8 Bb5 46. Bb7 Bc4 47. Bc6 Kd8 48.
Kf2 Kc7 49. Be8 Kb7 50. Bd7 Ka6 51. Be6 Ka5 52. Bd7 Bb5 53. Bxb5 Kxb5 54. Ke3
Ka6 55. Ke2 Kb5 {Game drawn by mutual agreement} 1/2-1/2

[Event "Team 45 45 League T52"]
[Site "Internet Chess Club"]
[Date "2012.03.24"]
[Round "6"]
[White "parrot9"]
[Black "MinnArkie"]
[Result "1-0"]
[WhiteElo "1537"]
[BlackElo "1551"]
[Opening "Sicilian defense"]
[ECO "B32"]
[Time "11:18:35"]
[TimeControl "2700+45"]

1. e4 c5 2. Nf3 Nc6 3. d4 cxd4 4. Nxd4 a6 5. Be3 Nf6 6. Nc3 e6 7. Bd3 e5 8. Nf5
g6 9. Ng3 d5 10. exd5 Nxd5 11. Nxd5 Qxd5 12. Ne4 Qa5+ 13. Bd2 Qd8 14. O-O Bg7
15. Bg5 f6 16. Be3 Bf5 17. Qe2 Nd4 18. Bxd4 Qxd4 19. Rad1 Qb6 20. Nd6+ Kf8 21.
Nxf5 gxf5 22. Bxf5 Qxb2 23. Qc4 Qb5 24. Qe6 Re8 25. Qd6+ Re7 26. Qb8+ Kf7 27.
Qa7 Bh6 28. Bd3 Qc6 29. Rfe1 b5 30. Be4 Rxa7 31. Bxc6 Rc8 32. Be4 Ke8 33. Rd6
Bg5 34. Red1 h5 35. Bg6+ Ke7 36. Bf5 Rcc7 37. g3 h4 38. Re6+ Kf7 39. Rdd6 a5 40.
Kg2 Re7 41. a3 Rxe6 42. Bxe6+ Ke7 43. Rb6 b4 44. axb4 axb4 45. Bb3 hxg3 46. fxg3
Rd7 47. Rxb4 Rd4 48. Rb7+ Kf8 49. h4 Bh6 50. Rf7+ Ke8 51. Rxf6 Bg7 52. Rf7 Bf8
53. Rf6 Be7 54. Re6 e4 55. h5 Kd7 56. h6 Rd2+ 57. Kh3 Rxc2 58. h7 Rc8 59. Rxe4
Rh8 60. Bg8 Ke8 61. Rf4 Bd6 62. Rf7 Be7 63. Kg4 Kd7 64. Kf5 Kd6 65. Kg6 Bd8 66.
Kg7 {Black resigns} 1-0

[Event "Team 45 45 League T52"]
[Site "Internet Chess Club"]
[Date "2012.03.23"]
[Round "6"]
[White "kingsrook"]
[Black "matthewc"]
[Result "0-1"]
[WhiteElo "1255"]
[BlackElo "1437"]
[Opening "Queen's pawn game"]
[ECO "D04"]
[Time "18:00:35"]
[TimeControl "2700+45"]

1. d4 d5 2. Nf3 Nf6 3. e3 Bg4 4. c4 c6 5. cxd5 cxd5 6. Qa4+ Nc6 7. Ne5 Rc8 8.
Nxg4 Nxg4 9. Be2 Nf6 10. O-O Qc7 11. Bd2 h5 12. Nc3 Ng4 13. Bxg4 hxg4 14. g3 e6
15. Nb5 Qb8 16. Rac1 a6 17. Nc3 Bd6 18. Ne2 Rh3 19. Nf4 Bxf4 20. exf4 Ke7 21.
Kg2 Rch8 22. Rh1 R8h7 23. Qb3 Nxd4 24. Qb4+ Kd7 25. Qxd4 Qh8 26. Qa4+ Ke7 27.
Rc7+ Kf6 28. Bc3+ Kg6 29. Qc2+ f5 30. Rxg7+ Rxg7 31. Bxg7 Qxg7 32. Qc3 Rh7 33.
Qxg7+ Rxg7 34. Rc1 Rd7 35. Kf1 d4 36. Ke2 Kf6 37. Kd3 e5 38. fxe5+ Kxe5 39. Re1+
Kd5 40. Re8 Rh7 41. Rd8+ Ke6 42. Kxd4 Rxh2 43. Re8+ Kf6 44. Rf8+ Kg6 45. Rg8+
Kh7 46. Rb8 Rxf2 47. Rxb7+ Kg8 48. Rb8+ Kg7 49. Rb7+ Kf8 50. Rb8+ Ke7 51. Rb6
Rd2+ 52. Kc3 Rd6 53. Rb7+ Ke6 54. Rb8 Rc6+ 55. Kb3 Ke5 56. Re8+ Re6 57. Rxe6+
Kxe6 58. Kc3 f4 59. gxf4 g3 {White resigns} 0-1

[Event "Team 45 45 League T52"]
[Site "Internet Chess Club"]
[Date "2012.03.24"]
[Round "6"]
[White "Ivio"]
[Black "LittleButton"]
[Result "1-0"]
[WhiteElo "1793"]
[BlackElo "1669"]
[Opening "Trompowsky attack (Ruth, Opocenský opening)"]
[ECO "A45"]
[Time "10:01:37"]
[TimeControl "2700+45"]

1. d4 Nf6 2. Bg5 c5 3. e3 cxd4 4. exd4 Qb6 5. Bc1 d5 6. c3 Nc6 7. Nf3 Bg4 8. Be2
e6 9. Qb3 Qc7 10. Nbd2 Bd6 11. h3 Bh5 12. Qd1 a6 13. Nh4 Bxe2 14. Qxe2 O-O 15.
O-O b5 16. Qd3 Na5 17. Nhf3 b4 18. cxb4 Bxb4 19. a3 Bd6 20. b4 Nc4 21. Nb3 a5
22. bxa5 Nxa5 23. Nxa5 Rxa5 24. Bd2 Ra4 25. Rfb1 Rfa8 26. Rb3 Ne4 27. Rc1 Qa7
28. Bb4 Bxb4 29. axb4 Ra2 30. Rc2 Ra1+ 31. Kh2 Qb8+ 32. g3 R8a2 33. Kg2 h5 34.
Nd2 Nd6 35. b5 Ra5 36. b6 Nb7 37. Rbc3 g6 38. Rc8+ Kg7 39. Rxb8 {Black resigns}
1-0

[Event "Team 45 45 League T52"]
[Site "Internet Chess Club"]
[Date "2012.03.26"]
[Round "6"]
[White "Skeptic1972"]
[Black "krysto"]
[Result "1/2-1/2"]
[WhiteElo "1625"]
[BlackElo "1620"]
[Opening "French: classical, Steinitz variation"]
[ECO "C14"]
[Time "13:05:52"]
[TimeControl "2700+45"]

1. e4 e6 2. d4 d5 3. Nc3 Nf6 4. Bg5 Be7 5. e5 Nfd7 6. Bxe7 Qxe7 7. f4 a6 8. Nf3
c5 9. Qd2 Nc6 10. dxc5 Nxc5 11. Bd3 b5 12. O-O O-O 13. Kh1 b4 14. Ne2 a5 15.
Ned4 Nxd4 16. Nxd4 Bd7 17. Rfe1 Rfb8 18. b3 Qe8 19. Rac1 Na6 20. f5 Nc7 21. f6
g6 22. h4 Nb5 23. Nxb5 Bxb5 24. Qg5 Bxd3 25. cxd3 Rc8 26. Qh6 Qf8 27. Rxc8 Rxc8
{Game drawn by mutual agreement} 1/2-1/2

[Event "Team 45 45 League T52"]
[Site "Internet Chess Club"]
[Date "2012.03.25"]
[Round "6"]
[White "jfiquett"]
[Black "Berke"]
[Result "1-0"]
[WhiteElo "1601"]
[BlackElo "1532"]
[Opening "Dutch: Ilyin-Genevsky, Winter variation"]
[ECO "A97"]
[Time "17:00:28"]
[TimeControl "2700+45"]

1. d4 f5 2. g3 Nf6 3. Bg2 e6 4. Nf3 Be7 5. O-O O-O 6. c4 d6 7. Nc3 Qe8 8. Re1
Ne4 9. Qc2 Nxc3 10. Qxc3 a5 11. Bg5 Bxg5 12. Nxg5 Qh5 13. Nf3 Nd7 14. e4 f4 15.
e5 fxg3 16. hxg3 dxe5 17. Nxe5 Rf6 18. Nxd7 Bxd7 19. Re5 Qf7 20. Rxa5 Rxa5 21.
Qxa5 b6 22. Qa8+ Qf8 23. Re1 Rxf2 24. Qxf8+ Rxf8 25. Bh3 Ra8 26. d5 exd5 27.
Bxd7 dxc4 28. Be6+ Kf8 29. Bxc4 b5 30. Bd5 Rd8 31. Rf1+ Ke7 32. Rf7+ Kd6 33. Be4
Re8 34. Bxh7 Re2 35. Rxg7 Rxb2 36. Rg6+ Ke5 37. Bg8 c5 38. Rb6 Kd4 39. g4 c4 40.
g5 c3 41. Bb3 c2 42. Bxc2 Rxc2 43. Rxb5 Rxa2 44. g6 Ra3 45. Rg5 Ra8 46. Kg2 Rg8
47. Kg3 Ke4 48. Kg4 Rg7 49. Kh5 Kf4 50. Kh6 Rc7 51. g7 Rc6+ 52. Kh5 Rh6+ 53.
Kxh6 Kf3 54. g8=Q Kf2 55. Qb3 Kf1 56. Qb2 Ke1 57. Rg2 Kf1 58. Qf2# {Black
checkmated} 1-0

[Event "Team 45 45 League T52"]
[Site "Internet Chess Club"]
[Date "2012.03.24"]
[Round "6"]
[White "BigH"]
[Black "Chatica"]
[Result "0-1"]
[WhiteElo "2148"]
[BlackElo "2230"]
[Opening "Dutch: classical variation"]
[ECO "A96"]
[Time "11:23:10"]
[TimeControl "2700+45"]

1. d4 e6 2. c4 f5 3. g3 Nf6 4. Bg2 Be7 5. Nf3 O-O 6. O-O d6 7. Nc3 a5 8. b3 Ne4
9. Nxe4 fxe4 10. Nd2 d5 11. f3 Bf6 12. e3 c5 13. fxe4 cxd4 14. e5 Bxe5 15. Nf3
Bf6 16. exd4 Nc6 17. c5 b6 18. Ba3 Re8 19. Re1 a4 20. b4 bxc5 21. bxc5 Ba6 22.
Bc1 Qa5 23. Rb1 Nxd4 24. Ng5 Qxc5 25. Kh1 h6 26. Nxe6 Nxe6 27. Qxd5 Rad8 28.
Qxc5 Nxc5 29. Bd5+ Kh7 30. Rxe8 Rxe8 31. Ba3 Bd3 {White resigns} 0-1

[Event "Team 45 45 League T52"]
[Site "Internet Chess Club"]
[Date "2012.03.26"]
[Round "6"]
[White "Gregorio"]
[Black "achessman"]
[Result "0-1"]
[WhiteElo "1797"]
[BlackElo "1970"]
[Opening "English: Caro-Kann defensive system"]
[ECO "A11"]
[Time "21:10:42"]
[TimeControl "2700+45"]

1. c4 c6 2. g3 d5 3. Bg2 Nf6 4. Nf3 g6 5. b3 Bg7 6. Bb2 O-O 7. h4 b6 8. d3 Bb7
9. Qc1 h5 10. Nbd2 Nbd7 11. Ne5 Rc8 12. Ndf3 c5 13. cxd5 Bxd5 14. e4 Bb7 15. Bh3
Ba6 16. Nc4 e6 17. Ng5 Qe7 18. Qc3 b5 19. Ne3 Nb6 20. g4 Rfd8 21. Bg2 b4 22. Qd2
Bxd3 23. Qc1 c4 24. bxc4 Bxc4 25. gxh5 Bxa2 {White resigns} 0-1

[Event "Team 45 45 League T52"]
[Site "Internet Chess Club"]
[Date "2012.03.23"]
[Round "6"]
[White "Nakke"]
[Black "alexping"]
[Result "1-0"]
[WhiteElo "1961"]
[BlackElo "1917"]
[Opening "Benkö gambit: main line"]
[ECO "A58"]
[Time "11:04:17"]
[TimeControl "2700+45"]

1. d4 Nf6 2. c4 c5 3. d5 b5 4. cxb5 a6 5. bxa6 Bxa6 6. Nc3 g6 7. Nf3 d6 8. e4
Bxf1 9. Kxf1 Bg7 10. g3 O-O 11. Kg2 Qa5 12. a4 Nbd7 13. Bd2 Rfb8 14. Qc2 Qb6 15.
Nb5 e6 16. dxe6 fxe6 17. Bf4 e5 18. Bg5 h6 19. Be3 Qc6 20. Nd2 d5 21. f3 d4 22.
Bf2 Nb6 23. b3 Rf8 24. Rhc1 Rfc8 25. Na3 Qb7 26. Nac4 Nxc4 27. Nxc4 Qc7 28. a5
Nd7 29. Be1 Bf8 30. Ra4 Rcb8 31. Rca1 Ra6 32. Nb6 Qb7 33. Qc4+ Kg7 34. Nxd7 Qxd7
35. Qxa6 Rxb3 36. Qe2 Re3 37. Qf2 Qb5 38. a6 Re2 39. a7 {Black resigns} 1-0

[Event "Team 45 45 League T52"]
[Site "Internet Chess Club"]
[Date "2012.03.25"]
[Round "6"]
[White "Underworld"]
[Black "zap2"]
[Result "1-0"]
[WhiteElo "1863"]
[BlackElo "1760"]
[Opening "Caro-Kann: Steinitz variation"]
[ECO "B17"]
[Time "14:04:25"]
[TimeControl "2700+45"]

1. e4 c6 2. d4 d5 3. Nc3 dxe4 4. Nxe4 Nd7 5. f4 Ngf6 6. Bd3 Nxe4 7. Bxe4 Nf6 8.
Bf3 Bf5 9. g4 Be4 10. g5 Bxf3 11. Qxf3 Nd5 12. Be3 e6 13. a3 Bd6 14. c4 Nxe3 15.
Qxe3 Qa5+ 16. Kf1 Qf5 17. Ne2 h6 18. Rg1 c5 19. d5 O-O-O 20. gxh6 Rxh6 21. Rg5
Qf6 22. dxe6 fxe6 23. Kg1 Qxb2 24. Rd1 b6 25. h3 Be7 26. Rxd8+ Bxd8 27. Rg3 Qb1+
28. Kg2 Qb2 29. Kg1 Bc7 30. Qe4 Kb8 31. Kf1 Rh4 32. Qxe6 Qf6 33. Qe8+ Kb7 34.
Rg6 Qa1+ 35. Kf2 Rxh3 36. Qc6+ Kc8 37. Qe6+ Kb7 38. Qxh3 Qb2 39. Qd3 Ka6 40. Kf3
Qa1 41. Rg1 Qf6 42. Qd7 Be5 43. Rb1 g5 44. Qc8+ Ka5 45. Rb5+ {Black resigns} 1-0

[Event "Team 45 45 League T52"]
[Site "Internet Chess Club"]
[Date "2012.03.25"]
[Round "6"]
[White "QueensCounselor"]
[Black "jorobo"]
[Result "1/2-1/2"]
[WhiteElo "2125"]
[BlackElo "2019"]
[Opening "Ruy Lopez: closed, Keres (...Nd7) defense"]
[ECO "C96"]
[Time "14:00:33"]
[TimeControl "2700+45"]

1. e4 e5 2. Nf3 Nc6 3. Bb5 a6 4. Ba4 Nf6 5. O-O Be7 6. Re1 b5 7. Bb3 d6 8. c3
O-O 9. h3 Na5 10. Bc2 c5 11. d4 Nd7 12. Nbd2 exd4 13. cxd4 Nc6 14. Nf1 Nxd4 15.
Nxd4 cxd4 16. Qxd4 Ne5 17. Qd1 Bf6 18. Ne3 Be6 19. Nd5 Bxd5 20. Qxd5 Rc8 21. Bb3
Qb6 22. Be3 Qc6 23. Rad1 Nc4 24. Bxc4 bxc4 25. Re2 Rfe8 26. f3 h6 27. Kf2 Qxd5
28. Rxd5 Rc6 29. Rc2 Rb8 30. b3 cxb3 31. Rxc6 b2 32. Rd1 b1=Q 33. Rxb1 Rxb1 34.
Rxd6 a5 35. Rd2 a4 36. f4 Bb2 37. g4 a3 38. Bc5 Ra1 39. Kg2 Kh7 40. h4 Bc1 41.
Rf2 Bb2 42. e5 Kg8 43. Bd6 g6 44. Rc2 Rxa2 45. Bxa3 Rxa3 46. Rxb2 Re3 47. Rb5 h5
48. gxh5 gxh5 49. f5 Re4 50. Kh3 Kg7 51. e6 {Game drawn by mutual agreement}
1/2-1/2

[Event "Team 45 45 League T52"]
[Site "Internet Chess Club"]
[Date "2012.03.26"]
[Round "6"]
[White "CamNewton"]
[Black "fledermaus"]
[Result "1/2-1/2"]
[WhiteElo "2163"]
[BlackElo "1896"]
[Opening "Sicilian defense"]
[ECO "B40"]
[Time "19:02:39"]
[TimeControl "2700+45"]

1. e4 c5 2. Nf3 e6 3. Nc3 d6 4. Bb5+ Bd7 5. Bxd7+ Qxd7 6. O-O Nc6 7. d4 cxd4 8.
Nxd4 Be7 9. Be3 Nf6 10. f4 O-O 11. Qf3 Rfd8 12. Rad1 Nxd4 13. Rxd4 Qc6 14. Rfd1
h5 15. h3 a6 16. Bf2 b5 17. Qe3 Rac8 18. Qe2 Kf8 19. Qf3 Rb8 20. b4 Rbc8 21.
R4d3 d5 22. exd5 exd5 23. a3 Qc4 24. Nxd5 Nxd5 25. Rxd5 Rxd5 26. Rxd5 g6 27. Bd4
Qxc2 28. Kh2 Qc6 29. f5 Bd6+ 30. Kh1 Qc1+ 31. Bg1 Qf4 32. Qxf4 Bxf4 33. Bc5+ Ke8
34. fxg6 fxg6 35. Rd4 g5 36. Re4+ Kf7 37. Re7+ Kf6 38. Rh7 h4 39. Rh6+ Kf5 40.
Rxa6 Rd8 41. Kg1 Bg3 42. Kf1 Rd1+ 43. Ke2 Rb1 44. Ra8 Rb2+ 45. Kf3 Rb3+ 46. Ke2
Rb2+ 47. Kf3 Rb3+ 48. Ke2 Rb2+ {Game drawn by repetition} 1/2-1/2

[Event "Team 45 45 League T52"]
[Site "Internet Chess Club"]
[Date "2012.03.26"]
[Round "6"]
[White "jonesey"]
[Black "livis"]
[Result "0-1"]
[WhiteElo "1851"]
[BlackElo "1974"]
[Opening "French: Tarrasch, closed variation"]
[ECO "C05"]
[Time "16:00:27"]
[TimeControl "2700+45"]

1. e4 e6 2. d4 d5 3. Nd2 Nf6 4. e5 Nfd7 5. c3 c5 6. Bd3 Nc6 7. Ngf3 h6 8. O-O
Qb6 9. Qa4 Be7 10. dxc5 Nxc5 11. Qc2 Qc7 12. Re1 a6 13. Nb3 Nxd3 14. Qxd3 Bd7
15. Nbd4 g5 16. Nxc6 bxc6 17. c4 Qb7 18. cxd5 cxd5 19. Nd4 Rb8 20. Bd2 Bc5 21.
Rac1 Bxd4 22. Qxd4 Qxb2 23. Rb1 Qxb1 {White resigns} 0-1

[Event "Team 45 45 League T52"]
[Site "Internet Chess Club"]
[Date "2012.03.25"]
[Round "6"]
[White "azbycx"]
[Black "fishhead"]
[Result "1/2-1/2"]
[WhiteElo "1879"]
[BlackElo "1942"]
[Opening "King's Indian: fianchetto without c4"]
[ECO "A49"]
[Time "17:00:37"]
[TimeControl "2700+45"]

1. d4 Nf6 2. Nf3 g6 3. g3 Bg7 4. Bg2 d6 5. O-O c6 6. c4 Qc7 7. Nc3 Nbd7 8. e4 e5
9. Re1 O-O 10. b3 Re8 11. Bb2 Nf8 12. dxe5 dxe5 13. Qc2 Be6 14. Rad1 Rad8 15.
Rxd8 Rxd8 16. Rd1 Nh5 17. Rxd8 Qxd8 18. Qd1 Qc7 19. Qd2 h6 20. Ba3 f6 21. Qd6
Qd7 22. Qxd7 Bxd7 23. Bd6 Ne6 24. Na4 Bf8 25. Bxf8 Kxf8 26. Nc3 Ke7 27. Kf1 Kd6
28. b4 b6 29. Ke2 Nd4+ 30. Kd3 c5 31. b5 f5 32. Nd2 f4 33. Nd5 g5 34. Nf3 Be6
35. Nxd4 cxd4 36. Bf3 g4 37. Bd1 f3 38. a3 Kc5 39. Bb3 Bxd5 40. exd5 Nf6 41. Ba2
e4+ 42. Kd2 Nd7 43. Bb1 Kxc4 44. Bxe4 Kxb5 45. Kd3 Kc5 46. Bf5 Ne5+ 47. Ke4 Nc4
48. Bxg4 Nxa3 49. d6 Kxd6 50. Kxd4 Nb5+ 51. Kc4 Nc7 52. Bxf3 a5 53. Be2 b5+ 54.
Kb3 Kc5 55. f4 Ne6 56. Bg4 Nd4+ 57. Kb2 b4 58. f5 a4 59. f6 Kd6 60. f7 Ke7 61.
Bh5 Nc6 62. h3 Ne5 63. h4 Nxf7 64. Bd1 a3+ 65. Kb3 Kd6 66. g4 Kc5 67. Ka2 Kd4
68. Bb3 Nd6 69. g5 hxg5 70. hxg5 Ke5 71. g6 Kf6 72. Bc2 Nb5 73. Bd3 Nc3+ 74. Kb3
a2 75. Kb2 b3 76. Bc4 {Game drawn by mutual agreement} 1/2-1/2

[Event "Team 45 45 League T52"]
[Site "Internet Chess Club"]
[Date "2012.03.24"]
[Round "6"]
[White "Juan73"]
[Black "BotanicalKnight"]
[Result "1/2-1/2"]
[WhiteElo "1692"]
[BlackElo "1519"]
[Opening "Caro-Kann defense"]
[ECO "B11"]
[Time "19:17:27"]
[TimeControl "2700+45"]

1. e4 c6 2. Nc3 d5 3. exd5 cxd5 4. d4 Nc6 5. Bb5 a6 6. Ba4 b5 7. Bb3 Nf6 8. Bg5
e6 9. Nf3 Be7 10. O-O O-O 11. Ne2 Ne4 12. Bxe7 Qxe7 13. a3 Na5 14. Ba2 Nc4 15.
Qc1 Bb7 16. Bb1 Rac8 17. b3 Nb6 18. Nd2 Nc3 19. Nxc3 Rxc3 20. Nf3 Rfc8 {Game
drawn by mutual agreement} 1/2-1/2

[Event "Team 45 45 League T52"]
[Site "Internet Chess Club"]
[Date "2012.03.23"]
[Round "6"]
[White "The-Capitalist"]
[Black "samjalex87"]
[Result "1-0"]
[WhiteElo "1430"]
[BlackElo "1058"]
[Opening "Sicilian"]
[ECO "B54"]
[Time "18:00:43"]
[TimeControl "2700+45"]

1. e4 c5 2. Nf3 d6 3. d4 cxd4 4. Nxd4 Nc6 5. Nc3 e5 6. Ndb5 Nf6 7. Bg5 a6 8. Na3
Be7 9. Nc4 O-O 10. Bxf6 gxf6 11. Nd5 f5 12. Ncb6 Rb8 13. Nxc8 Qxc8 14. Nxe7+
Nxe7 15. Bd3 f4 16. f3 Qe6 17. O-O Kh8 18. Kf2 Nc6 19. c3 Qh6 20. Kg1 Rg8 21.
Rf2 Rg5 22. Kh1 Rbg8 23. Qg1 Nd8 24. Rd2 Ne6 25. Rad1 Ng7 26. Bc4 Nh5 27. Qb6
Ng3+ 28. Kg1 R8g6 29. Bxf7 {Black resigns} 1-0